 Dungeon Crawl Stone Soup version 0.29-a0-330-g52719c12eb (webtiles) character file.

Game seed: 6332845310945883805

3033 kae the Changer (level 9, -11/86 HPs)
             Began as a Demigod Transmuter on Apr 23, 2022.
             Killed from afar by Maggie (30 damage)
             ... with a bolt of fire
             ... on level 8 of the Dungeon.
             The game lasted 00:08:36 (11516 turns).

kae the Changer (Demigod Transmuter)               Turns: 11516, Time: 00:08:36

Health: -11/86     AC:  9    Str: 11    XL:     9   Next: 30%
Magic:  17/19      EV: 10    Int: 27    God:
Gold:   1010       SH:  0    Dex: 14    Spells: 1/16 levels left

rFire   x . .      SeeInvis .     - Unarmed
rCold   + + +      Faith    .   (shield currently unavailable)
rNeg    . . .      Spirit   .   (body armour currently unavailable)
rPois   +          Reflect  .   (helmet currently unavailable)
rElec   .          Harm     .   (cloak currently unavailable)
rCorr   .          Rampage  .   (gloves currently unavailable)
Will    +....                   (boots currently unavailable)
Stlth   +.........              (no amulet)
HPRegen 0.24/turn               j - ring of poison resistance
MPRegen 0.16/turn               t - ring of willpower

@: ice-form, wereblooded
A: freezing attack, amphibious, boosted hp, large, high MP 1, forlorn, divine
attributes
a: End Transformation


You were on level 8 of the Dungeon.
You were a creature of crystalline ice.
You visited 1 branch of the dungeon, and saw 8 of its levels.
You also visited: Sewer and Ossuary.

You collected 1010 gold pieces.

Inventory:

Armour
 h - +0 steam dragon scales (melded)
Jewellery
 j - a ring of poison resistance (left front paw)
 t - a ring of willpower (right front paw)
 y - a ring of ice
Wands
 e - a wand of flame (25)
 q - a wand of paralysis (7)
 z - a wand of digging (6)
 A - a wand of acid (12)
Scrolls
 k - a scroll of vulnerability
 l - 2 scrolls of enchant armour
 m - 2 scrolls of summoning
 o - 3 scrolls of brand weapon
 r - 2 scrolls of fog
 s - 2 scrolls of magic mapping
 v - 3 scrolls of teleportation
 w - a scroll of fear
 B - a scroll of identify
 C - a scroll of amnesia
 D - a scroll of blinking {unknown}
Potions
 a - a potion of resistance
 b - 3 potions of lignification
 c - 4 potions of might
 d - 4 potions of flight
 f - 2 potions of attraction
 g - 4 potions of curing
 i - a potion of degeneration
 n - 2 potions of cancellation
 p - 2 potions of mutation
 u - 2 potions of berserk rage
 x - a potion of haste


   Skills:
 + Level 4.3 Fighting
 - Level 1.7 Dodging
 + Level 5.1 Unarmed Combat
 + Level 4.3 Spellcasting
 * Level 6.5 Transmutations
 * Level 4.3 Ice Magic
 * Level 5.2 Poison Magic


You had one spell level left.
You knew the following spells:

 Your Spells              Type           Power      Damage    Failure   Level
a - Beastly Appendage     Tmut           82%        N/A       1%          1
b - Wereblood             Tmut           41%        N/A       1%          2
c - Spider Form           Tmut/Pois      37%        N/A       1%          3
d - Ice Form              Ice/Tmut       35%        N/A       9%          4
e - Alistair's Intoxicat  Tmut/Pois      24%        N/A       19%         5

Your spell library contained the following spells:

 Spells                   Type           Power      Damage    Failure   Level
 Gell's Gravitas          Tloc           5%         N/A       22%         3
 Teleport Other           Tloc           5%         N/A       22%         3
 Eringya's Noxious Bog    Tmut/Pois      18%        N/A       71%         6
 Borgnjor's Vile Clutch   Necr/Erth      2%         N/A       91%         5
 Dispersal                Tloc           2%         N/A       100%        6


Dungeon Overview and Level Annotations

Branches:
Dungeon (8/15)             Temple (0/1) D:6           Sewer (visited)
Ossuary (visited)
   Lair: D:8-11

Shops:
D:6 *   D:7 !

Annotations:
D:8 Erica, Maggie


Innate Abilities, Weirdness & Mutations

You are a creature of crystalline ice.
You have a powerful freezing melee attack.
You are amphibious.
Your maximum health is increased.
Your armour is entirely melded.
You are incapable of wielding weapons or throwing items.
You have an increased reservoir of magic. (+10% MP)
You shall have no god before yourself.
Your divine heritage dramatically boosts your attributes as you level up.


Message History

Items here: ))) [[[ ††.
Maggie the Vainglorious comes into view.
She is wielding the +9 lance "Wyrmbane" {slay drac, rPois rF+ rC+ AC+3}.
Maggie shouts!
An orc comes into view. It is wielding a +0 club.
Found a stone staircase leading down.
You punch the orc! You freeze the orc.
You feel a bit better.
You kill the orc!
You howl as the wereblood boils in your veins!
The white imp grins evilly.
Maggie hits you with the +9 lance "Wyrmbane" {slay drac, rPois rF+ rC+ AC+3}!
Things that are here:
a +0 club; a +0 ring mail You punch Maggie!
You freeze Maggie.
Maggie is lightly wounded.
Maggie closely misses you.
You hit Maggie but do no damage.
Maggie is lightly wounded.
The white imp hits you. The white imp freezes you. You resist.
Maggie hits you with the +9 lance "Wyrmbane" {slay drac, rPois rF+ rC+ AC+3}!
You hit Maggie. You freeze Maggie.
Maggie is moderately wounded.
You howl as the wereblood boils in your veins!
The white imp hits you. The white imp freezes you. You resist.
Maggie hits you with the +9 lance "Wyrmbane" {slay drac, rPois rF+ rC+ AC+3}!
You punch Maggie!
Maggie is heavily wounded.
You punch Maggie! You freeze Maggie.
Maggie is severely wounded.
The white imp summons a swarm of flies.
The white imp gestures at you.
The puff of frost hits you but does no damage.
Maggie hits you with the +9 lance "Wyrmbane" {slay drac, rPois rF+ rC+ AC+3}!
* * * LOW HITPOINT WARNING * * *
You punch Maggie! You freeze Maggie.
Maggie is almost dead.
The white imp shouts, "Beg for mercy, thou fawning spur-galled toady!"
The white imp hits you but does no damage.
Maggie gestures at you while chanting. The bolt of fire hits you!!
The fire burns you terribly!
You die...

##†# #..#
#.## #.#
#.# #)#
##.##.####
#@5.......
#Y##..####
### #.#
...@. ..#
#.# #####
.. ..#
#.## #.##
#... ..
#>. #.#
##.. #.
#..o #>
#..#)


You could see Maggie and a white imp.

Vanquished Creatures
  A steam dragon (D:6)
  A water moccasin (D:6)
  An orc warrior (D:8)
  An ice beast (D:6)
  A hornet zombie (Ossuary)
  A centaur (D:8)
  A kobold brigand (D:6)
  3 bullfrogs
  3 necrophages
  2 scorpions (D:6)
  2 water moccasin zombies (Ossuary)
  5 wights (D:7)
  6 howler monkeys
  5 bullfrog zombies (Ossuary)
  2 centaur zombies (Ossuary)
  An orc priest (D:4)
  2 hounds
  A jelly (D:4)
  6 iguanas
  5 orc wizards
  A hell rat (Sewer)
  A killer bee zombie (Ossuary)
  16 mummies (Ossuary)
  4 gnolls
  14 adders
  2 river rats (Sewer)
  A shadow imp (D:7)
  An ufetubus (D:6)
  2 dart slugs
  20 orcs
  5 bats
  5 endoplasms
  6 giant cockroaches
  6 goblins
  6 hobgoblins
  3 quokkas
  4 ball pythons
  7 frilled lizards
  7 kobolds
  7 rats
168 creatures vanquished.

Vanquished Creatures (collateral kills)
  2 gnolls (D:4)
2 creatures vanquished.

Vanquished Creatures (others)
  8 plants (D:3)
  10 withered plants (Ossuary)
18 creatures vanquished.

Grand Total: 188 creatures vanquished

Notes
Turn   | Place    | Note
-------+----------+-------------------------------------------
     0 | D:1      | kae the Demigod Transmuter began the quest for the Orb.
     0 | D:1      | Reached XP level 1. HP: 15/15 MP: 5/5
    74 | D:1      | Reached skill level 1 in Fighting
   233 | D:1      | Reached skill level 2 in Transmutations
   598 | D:1      | Reached XP level 2. HP: 20/23 MP: 5/7
  1315 | D:2      | Learned a level 2 spell: Wereblood
  1496 | D:2      | Reached XP level 3. HP: 16/28 MP: 6/8
  1520 | D:1      | Learned a level 3 spell: Spider Form
  2077 | D:2      | Reached skill level 3 in Transmutations
  2077 | D:2      | Reached XP level 4. HP: 30/36 MP: 10/10
  2818 | D:3      | Found a glowing drain.
  2835 | Sewer    | Entered a sewer
  3125 | D:3      | Identified a scroll of acquirement
  3126 | D:3      | Acquired Great Wizards, Vol. II
  3394 | D:3      | Reached XP level 5. HP: 30/41 MP: 1/11
  3925 | D:4      | Reached skill level 1 in Poison Magic
  4512 | D:4      | You fall into a shaft and drop 2 floors!
  4526 | D:6      | Reached skill level 4 in Transmutations
  4526 | D:6      | Reached XP level 6. HP: 32/50 MP: 10/13
  4667 | D:6      | Learned a level 4 spell: Ice Form
  4819 | D:6      | Noticed a water moccasin
  4828 | D:6      | Killed a water moccasin
  5029 | D:6      | Noticed a steam dragon
  5042 | D:6      | Killed a steam dragon
  5043 | D:6      | Reached XP level 7. HP: 22/57 MP: 10/14
  5323 | D:6      | Found Bereic's Gadget Gallery.
  5364 | D:5      | Entered Level 5 of the Dungeon
  5460 | D:5      | Found a sand-covered staircase.
  5468 | Ossuary  | Entered an ossuary
  5519 | Ossuary  | Reached skill level 1 in Ice Magic
  5739 | Ossuary  | Reached skill level 5 in Transmutations
  5931 | Ossuary  | HP: 1/57 [hornet zombie (11)]
  6059 | Ossuary  | Reached XP level 8. HP: 42/63 MP: 13/16
  6871 | D:5      | Acquired 628 gold pieces
  8307 | D:6      | Found a staircase to the Ecumenical Temple.
  9094 | D:6      | Reached skill level 6 in Transmutations
  9724 | D:7      | HP: 3/73 [wight/+3 great sword (4)]
  9728 | D:7      | Reached XP level 9. HP: 14/66 MP: 18/18
 10354 | D:7      | Reached skill level 5 in Unarmed Combat
 10377 | D:7      | Found Cabawen's Distillery.
 10834 | D:7      | Reached skill level 5 in Poison Magic
 10985 | D:7      | Learned a level 5 spell: Alistair's Intoxication
 11024 | D:8      | Noticed Erica
 11503 | D:8      | Noticed Maggie
 11516 | D:8      | Killed from afar by Maggie

Illustrated notes

Levels and vault maps discovered:
D:1:      dpeg_chamrin_arrival_tetris, layout_basic
D:2:      layout_loops_ring, basic_ecumenical_altar, minmay_misc_feat_chi,
          hangedman_decor_push, minmay_crystal_water
D:3:      cheibrodos_old_hovel, layout_basic, gup_sewer_entry_bubbles
D:4:      layout_loops_corners
D:5:      layout_basic, nicolae_ru_awakened_eye, enter_ossuary_5,
          minmay_misc_feat_five
D:6:      layout_basic, minmay_temple_entry_statues_fountains,
          nicolae_shop_gadgets
D:7:      layout_basic, serial_shops, nicolae_take_the_stairs,
          hangedman_decor_clover_reticule
D:8:      layout_rooms, uniq_joseph, uniq_grum, uniq_erica, uniq_pikel,
          uniq_maggie

Skill      XL: |  1  2  3  4  5  6  7  8  9 |
---------------+----------------------------+-----
Fighting       | 1 2 3 4 |  4.3
Transmutations | 2 3 4 5 6 |  6.5
Spellcasting   | 2 3 4 |  4.3
Unarmed Combat | 3 4 5 |  5.1
Poison Magic   | 1 2 3 4 5 |  5.2
Ice Magic      | 2 3 4 |  4.3
Dodging        | |  1.7

Action                   |  1- 3 |  4- 6 |  7- 9 || total
-------------------------+-------+-------+-------++-------
Melee: Unarmed           |    85 |   178 |   415 ||   678
       Kick              |    15 |     9 |       ||    24
       Headbutt          |    11 |    14 |       ||    25
       Punch             |       |     1 |     1 ||     2
 Cast: Beastly Appendage |    19 |    22 |       ||    41
       Wereblood         |     2 |     9 |    15 ||    26
       Spider Form       |     1 |    13 |    15 ||    29
       Ice Form          |       |     1 |    33 ||    34
  Use: Scroll            |     3 |    13 |    12 ||    28
       Potion            |     1 |     1 |     5 ||     7
 Stab: Sleeping          |     2 |     1 |     2 ||     5
Armor: Robe              |    12 |    23 |       ||    35
       Skin              |       |     3 |    74 ||    77
       Steam dragon scal |       |       |    11 ||    11
Dodge: Dodged            |    63 |   121 |   249 ||   433

Table legend: (Time is in decaauts)
 A = Elapsed time spent in this place.
 B = Non-inter-level travel time spent in this place.
 C = Inter-level travel time spent in this place.
 D = Time resting spent in this place.
 E = Time spent auto-exploring this place.
 F = Levels seen in this place.
 G = Mean time per level.
                   A        B        C        D        E       F      G
               +--------+--------+--------+--------+--------+-----+--------+
         Total |  11562 |  11234 |    328 |   1418 |   8094 |  10 | 1156.2 |
       Dungeon |   9806 |   9478 |    328 |   1331 |   6833 |   8 | 1225.8 |
         Sewer |    294 |    294 |      0 |      0 |    231 |   1 |  294.0 |
       Ossuary |   1461 |   1461 |      0 |     87 |   1029 |   1 | 1461.0 |
               +--------+--------+--------+--------+--------+-----+--------+

Top non-repeatable levels by time:
     D:6: 2034 daAuts
     D:1: 1624 daAuts
     D:7: 1602 daAuts
     D:4: 1548 daAuts
 Ossuary: 1461 daAuts
     D:2: 1110 daAuts
     D:5: 752 daAuts
     D:3: 696 daAuts
     D:8: 437 daAuts
   Sewer: 294 daAuts
